 Dungeon Crawl Stone Soup version 0.22.0-49-gab54619 (webtiles) character file.

257 Fang the Skirmisher (level 6, -2/39 HPs)
             Began as a Gargoyle Berserker on Sept 6, 2018.
             Was a Believer of Trog.
             Slain by a phantom (7 damage)
             ... on level 3 of the Dungeon.
             The game lasted 00:04:07 (2987 turns).

Fang the Skirmisher (Gargoyle Berserker)            Turns: 2987, Time: 00:04:08

Health: -2/39      AC:  6    Str: 23    XL:     6   Next: 16%
Magic:  6/6        EV: 12    Int: 12    God:    Trog [**....]
Gold:   108        SH:  0    Dex:  9    Spells: 5/5 levels left

rFire    . . .     SeeInvis .   a - +0 hand axe
rCold    . . .     Gourm    .   (no shield)
rNeg     + . .     Faith    .   b - +0 animal skin
rPois    ∞         Spirit   .   (no helmet)
rElec    +         Reflect  .   (no cloak)
rCorr    .         Harm     .   (no gloves)
MR       .....                  (no boots)
Stlth    +.........             (no amulet)
HPRegen  0.13/turn              o - +5 ring of intelligence
MPRegen  0.10/turn              (no ring)

@: no status effects
A: negative energy resistance 1, electricity resistance, unbreathing,
petrification resistance, rot immunity, AC +4
a: Berserk, Trog's Hand, Renounce Religion


You were on level 3 of the Dungeon.
You worshipped Trog.
Trog was pleased with you.
You were very hungry.

You visited 1 branch of the dungeon, and saw 4 of its levels.

You collected 108 gold pieces.

Inventory:

Hand Weapons
 a - a +0 hand axe (weapon)
Armour
 b - a +0 animal skin (worn)
Jewellery
 o - a +5 ring of intelligence (left hand)
Scrolls
 g - 2 scrolls of identify {unknown}
 i - a scroll of teleportation {unknown}
 j - a scroll of enchant weapon {unknown}
 k - a scroll of random uselessness {unknown}
 l - 2 scrolls of magic mapping {unknown}
 m - a scroll of blinking {unknown}
 n - a scroll of enchant armour {unknown}
 r - a scroll of remove curse {unknown}
Potions
 d - 2 potions of flight {unknown}
 e - 3 potions of resistance {unknown}
 f - a potion of brilliance {unknown}
 h - a potion of cancellation {unknown}
 p - a potion of degeneration {unknown}
Comestibles
 c - 6 rations


   Skills:
 + Level 4.6 Fighting
 + Level 4.5 Axes
 + Level 2.3 Armour
 + Level 2.7 Dodging
 + Level 1.4 Stealth


You had 5 spell levels left.
You didn't know any spells.
Your spell library was empty.

Dungeon Overview and Level Annotations

Branches:
Dungeon (4/15)
 Temple: D:4-7

Altars:
Fedhas
Nemelex Xobeh
Uskayaw
Vehumet


Innate Abilities, Weirdness & Mutations

You are resistant to torment.
Your stone body is resilient. (AC +4)
You are immune to poison.
You resist negative energy. (rN+)
You are resistant to electric shocks. (rElec)
You can survive without breathing.
You are immune to petrification.
You are immune to rotting.


Message History

The phantom is almost destroyed.
The phantom hits you but does no damage.
You hit the phantom but do no damage.
The phantom is almost destroyed.
The phantom hits you but does no damage.
You closely miss the phantom.
The phantom is almost destroyed.
The phantom hits you.
* * * LOW HITPOINT WARNING * * *
You closely miss the phantom.
The phantom is almost destroyed.
The phantom blinks!
The phantom blinks!
The phantom hits you.
* * * LOW HITPOINT WARNING * * *
The phantom blinks!
The phantom hits you but does no damage.
The phantom hits you but does no damage.
The phantom hits you!
You die...

########### # #....@....#
#########
##########....W....####........
.....%..##.....................
.......)[..........##..###.....
.......)##.......<.##.## #.....
.......)##............# #...).
........##.........#### #...).
........#####.##..## #..<..
........# #......# #.....


You could see a phantom.

Vanquished Creatures
  An orc warrior (D:3)
  An orc priest (D:3)
  2 orc wizards (D:3)
  4 adders (D:2)
  An adder skeleton (D:4)
  2 worms
  A dart slug (D:1)
  A leopard gecko (D:1)
  4 orcs (D:3)
  4 bats
  2 giant cockroaches (D:3)
  4 goblins
  3 hobgoblins (D:1)
  2 ball pythons
  3 frilled lizards
  6 kobolds
  3 rats (D:1)
44 creatures vanquished.

Notes
Turn   | Place    | Note
-------+----------+-------------------------------------------
     0 | D:1      | Fang the Gargoyle Berserker began the quest for the Orb.
     0 | D:1      | Reached XP level 1. HP: 14/14 MP: 1/1
   516 | D:1      | Reached XP level 2. HP: 19/19 MP: 2/2
   718 | D:2      | Reached XP level 3. HP: 13/24 MP: 3/3
  1010 | D:2      | Found a hide-covered altar of Uskayaw.
  1011 | D:2      | Found a radiant altar of Vehumet.
  1366 | D:2      | Reached ** piety under Trog
  1679 | D:2      | Found a blossoming altar of Fedhas.
  1726 | D:2      | Reached XP level 4. HP: 17/29 MP: 4/4
  2031 | D:3      | Noticed a phantom
  2044 | D:3      | Found a sparkling altar of Nemelex Xobeh.
  2432 | D:3      | Noticed an orc warrior
  2441 | D:3      | Reached skill level 1 in Stealth
  2441 | D:3      | Reached XP level 5. HP: 34/34 MP: 5/5
  2444 | D:3      | Killed an orc warrior
  2444 | D:3      | Reached XP level 6. HP: 39/39 MP: 6/6
  2987 | D:3      | Slain by a phantom

Skill      XL: |  1  2  3  4 |
---------------+-------------+-----
Axes           | 3 4 |  4.5
Fighting       | 4 |  4.6
Dodging        | 2 |  2.7
Stealth        | 1 |  1.4
Armour         | |  2.3

Action                   |  1- 3 |  4- 6 || total
-------------------------+-------+-------++-------
Melee: Hand axe          |   100 |   103 ||   203
Invok: Berserk           |     3 |     3 ||     6
 Stab: Sleeping          |     1 |       ||     1
  Eat: Chunk             |     5 |     6 ||    11
Armor: Animal skin       |    29 |    44 ||    73
Dodge: Dodged            |    73 |    52 ||   125
